 Dungeon Crawl Stone Soup version 0.27.0-1-g7a089689b8 (webtiles) character file.

Game seed: 15133104222291219271

9962 jamesdean20 the Grappler (level 11, -3/102 HPs)
             Began as a Troll Berserker on Aug 3, 2021.
             Was a High Priest of Trog.
             Killed from afar by an orc wizard (6 damage)
             ... with a puff of flame
             ... on level 1 of the Orcish Mines.
             The game lasted 01:53:16 (5718 turns).

jamesdean20 the Grappler (Troll Berserker)          Turns: 5718, Time: 01:53:17

Health: -3/102     AC:  4    Str: 30    XL:     11   Next: 29%
Magic:  10/10      EV: 11    Int:  3    God:    Trog [*****.]
Gold:   411        SH:  5    Dex:  9    Spells: 10/10 levels left

rFire    + . .     SeeInvis .     - Unarmed
rCold    . . .     Faith    .   (no shield)
rNeg     . . .     Spirit   .   a - +0 animal skin
rPois    .         Reflect  +   (helmet restricted)
rElec    .         Harm     .   d - scarf {repulsion}
rCorr    .         Rampage  .   (gloves unavailable)
Will     ++...                  (boots unavailable)
Stlth    ++........             j - amulet of reflection
HPRegen  2.27/turn              C - ring of protection from fire
MPRegen  0.12/turn              E - ring of flight

@: strong-willed, on berserk cooldown, flying, regenerating, hasted and slowed,
repel missiles
A: large, unfitting armour, claws 3, regeneration 1, shaggy fur 1, tough skin 1
a: Renounce Religion, Berserk, Trog's Hand, Brothers in Arms


You were on level 1 of the Orcish Mines.
You worshipped Trog.
Trog was extremely pleased with you.
You visited 2 branches of the dungeon, and saw 9 of its levels.
You also visited: Sewer.

You collected 542 gold pieces.
You spent 131 gold pieces at shops.

Inventory:

Hand Weapons
 h - a +0 flail of holy wrath
 k - a +2 quarterstaff of chaos
 r - a +4 morningstar
 G - a +1 halberd of flaming
Missiles
 B - a throwing net (quivered)
Armour
 a - a +0 animal skin (worn)
 d - a scarf of repulsion (worn)
 e - a +0 pair of gloves
 H - the +1 robe of Polish {rPois Will+ Int-5 Dex+6}
   (You bought it in a shop on level 10 of the Dungeon)

   Int:       It affects your intelligence (-5).
   Dex:       It affects your dexterity (+6).
   rPois:     It protects you from poison.
   Will:      It increases your willpower.
Jewellery
 j - an amulet of reflection (around neck)
 C - a ring of protection from fire (left claw)
 E - a ring of flight (right claw)
Wands
 F - a wand of acid (8)
Scrolls
 b - a scroll of teleportation {unknown}
 c - 2 scrolls of enchant weapon
 f - 2 scrolls of acquirement
 g - 2 scrolls of enchant armour
 i - 2 scrolls of noise
 l - a scroll of fog
 m - a scroll of fear {unknown}
 n - 2 scrolls of immolation
 q - 3 scrolls of torment
 s - a scroll of brand weapon {unknown}
 w - a scroll of blinking {unknown}
 y - a scroll of magic mapping
 A - a scroll of vulnerability {unknown}
 I - a scroll of amnesia {unknown}
Potions
 o - 2 potions of magic
 t - a potion of invisibility {unknown}
 u - 2 potions of might {unknown}
 x - 2 potions of brilliance {unknown}
 z - a potion of cancellation {unknown}
 D - a potion of degeneration {unknown}


   Skills:
 + Level 5.0 Fighting
 + Level 6.4 Dodging
 + Level 2.3 Stealth
 + Level 3.5 Shields
 + Level 14.0 Unarmed Combat


You had 10 spell levels left.
You didn't know any spells.
Your spell library was empty.

Dungeon Overview and Level Annotations

Branches:
Dungeon (10/15)            Temple (0/1) D:6             Orc (1/2) D:9
  Sewer (visited)
   Lair: D:8-11

Altars:
Elyvilon
Fedhas
Hepliaklqana
Qazlal
Uskayaw
The Shining One

Shops:
D:10 ([   Orc:1 *(

Annotations:
D:4 2 runed translucent doors, Konebred's ghost, amateur HOFi
D:9 exclusion: oklob plant


Innate Abilities, Weirdness & Mutations

You are too large for most types of armour.
You have claws for hands.
Your natural rate of healing is unusually fast.
You are covered in fur. (AC +1)
You have tough skin. (AC +1)


Message History

The orc warrior hits you from afar with a +0 trident!
* * * LOW HITPOINT WARNING * * *
A red film seems to cover your vision as you go berserk!
You feel yourself moving faster!
You feel mighty! The orc priest misses you.
The orc warrior hits you from afar with a +0 trident!
* * * LOW HITPOINT WARNING * * *
You barely miss the orc priest.
The orc priest is moderately wounded.
The orc priest misses you.
You mangle the orc priest!!
You kill the orc priest!
Trog accepts your kill.
The orc warrior hits you from afar with a +0 trident.
* * * LOW HITPOINT WARNING * * *
The orc warrior hits you with a +0 trident!
* * * LOW HITPOINT WARNING * * *
Items here: $ )))))) [[[[[[ †††.
You closely miss the orc warrior.
The orc wizard gestures wildly while chanting.
The orc wizard flickers and vanishes!
Deactivating autopickup; reactivate with Ctrl-A.
You block the orc warrior's attack.
You feel a strong urge to attack something.
You are no longer berserk.
You are exhausted.
You feel yourself slow down. The orc warrior barely misses you.
You claw something! Something hits you.
* * * LOW HITPOINT WARNING * * *
The orc warrior closely misses you. Something hits you.
* * * LOW HITPOINT WARNING * * *
You feel yourself speed up.
The orc warrior hits you from afar with a +0 trident.
* * * LOW HITPOINT WARNING * * *
Something hits you but does no damage.
The orc warrior hits you from afar with a +0 trident!
* * * LOW HITPOINT WARNING * * *
You hear some strange, mumbled words.
A puff of flame appears from out of thin air!
The puff of flame hits you. You resist.
You die...

.....###.#............###
......#......#......8...#
......##.#....#....8.8..#
....##..........8...8.# ..
#..###........8..∩..8### ....
#...#...##.....8...8...#
.....##.....###......8.8.....
.........o{)###.......8...#.#
##...#....#.@............####
###8.....#....#.........#
#..#...#....##)##>...##
.8.∩.8..####.###<#######
...>..... ####.).# ....8##...
#...## .o... ##... ##.## ..
.... ###


You could see an orc warrior.

Vanquished Creatures
  2 two-headed ogres (D:9)
  An orc knight (Orc:1)
  An orc sorcerer (Orc:1)
  2 cyclopes
  Joseph (D:9)
  3 trolls
  Grinder (D:3)
  5 yaks (D:9)
  2 wargs (Orc:1)
  4 water moccasins
  7 orc warriors
  2 sky beasts (D:6)
  3 black bears
  3 necrophages (D:6)
  7 ogres
  3 centaurs
  A phantom (D:5)
  11 kobold brigands
  A bullfrog (D:6)
  2 scorpions (D:6)
  2 gnoll sergeants (D:9)
  A water moccasin zombie (D:6)
  3 howler monkeys
  3 jellies
  Crazy Yiuf (D:2)
  A bullfrog skeleton (D:4)
  A centaur zombie (D:9)
  5 hounds
  A gnoll shaman (D:6)
  4 orc priests
  2 iguanas
  9 orc wizards
  A howler monkey zombie (D:9)
  6 adders
  2 howler monkey skeletons
  4 gnolls
  2 white imps (D:6)
  2 ufetubi
  An adder skeleton (D:5)
  3 worms
  36 orcs
  A bat zombie (D:6)
  9 endoplasms
  4 giant cockroaches
  5 goblins
  8 hobgoblins
  8 jackals
  4 quokkas
  11 ball pythons
  5 bats
  2 frilled lizards
  35 kobolds
  12 rats
256 creatures vanquished.

Vanquished Creatures (others)
  4 fungi
  5 plants
9 creatures vanquished.

Grand Total: 265 creatures vanquished

Notes
Turn   | Place    | Note
-------+----------+-------------------------------------------
     0 | D:1      | jamesdean20 the Troll Berserker began the quest for the
                  | Orb.
     0 | D:1      | Reached XP level 1. HP: 22/22 MP: 0/0
   138 | D:1      | Found a faded altar of an unknown god.
   314 | D:1      | Reached XP level 2. HP: 29/29 MP: 1/1
   876 | D:2      | Reached XP level 3. HP: 36/36 MP: 2/2
  1075 | D:2      | Reached ** piety under Trog
  1280 | D:2      | Reached XP level 4. HP: 44/45 MP: 3/3
  1288 | D:2      | Reached skill level 4 in Unarmed Combat
  1355 | D:2      | Found a runed translucent door.
  1356 | D:2      | Noticed Crazy Yiuf
  1371 | D:2      | Killed Crazy Yiuf
  1435 | D:3      | Found a stormy altar of Qazlal.
  1553 | D:3      | Reached XP level 5. HP: 50/53 MP: 4/4
  1708 | D:3      | Noticed Grinder
  1708 | D:3      | Paralysed by Grinder for 6 turns
  1718 | D:3      | Killed Grinder
  1719 | D:3      | Reached skill level 5 in Unarmed Combat
  1719 | D:3      | Reached XP level 6. HP: 61/61 MP: 5/5
  2094 | D:4      | Reached skill level 6 in Unarmed Combat
  2095 | D:4      | Reached *** piety under Trog
  2316 | D:4      | Reached XP level 7. HP: 66/67 MP: 6/6
  2380 | D:4      | Found a runed translucent door.
  2381 | D:4      | Noticed Konebred's ghost (amateur HOFi)
  2398 | D:4      | Found a runed translucent door.
  2451 | D:4      | Reached skill level 1 in Shields
  2490 | D:4      | Reached skill level 1 in Stealth
  2659 | D:4      | Reached skill level 7 in Unarmed Combat
  2682 | D:4      | Identified 2 scrolls of acquirement
  2746 | D:5      | Entered Level 5 of the Dungeon
  2950 | D:5      | Reached XP level 8. HP: 75/75 MP: 7/7
  2983 | D:5      | Reached skill level 8 in Unarmed Combat
  3054 | D:5      | Reached **** piety under Trog
  3270 | D:6      | Found a glowing drain.
  3284 | Sewer    | Entered a sewer
  3514 | Sewer    | Reached skill level 9 in Unarmed Combat
  3626 | D:6      | Reached XP level 9. HP: 65/84 MP: 8/8
  3646 | D:6      | Reached ***** piety under Trog
  3652 | D:6      | Reached skill level 5 in Dodging
  3652 | D:6      | Reached skill level 10 in Unarmed Combat
  3668 | D:6      | Noticed a cyclops
  3695 | D:6      | Killed a cyclops
  3724 | D:6      | Reached skill level 11 in Unarmed Combat
  3916 | D:6      | Found a staircase to the Ecumenical Temple.
  3984 | D:6      | You fall into a shaft and drop 3 floors!
  4011 | D:9      | Reached XP level 10. HP: 72/92 MP: 9/9
  4043 | D:9      | Found a blossoming altar of Fedhas.
  4053 | D:9      | Noticed an oklob plant
  4205 | D:9      | Found a staircase to the Orcish Mines.
  4276 | D:9      | Reached skill level 12 in Unarmed Combat
  4328 | D:9      | Noticed Joseph
  4347 | D:9      | Killed Joseph
  4456 | D:9      | Noticed a two-headed ogre
  4466 | D:9      | Killed a two-headed ogre
  4467 | D:9      | Reached skill level 13 in Unarmed Combat
  4491 | D:9      | Found a hide-covered altar of Uskayaw.
  4507 | D:9      | Noticed a two-headed ogre
  4512 | D:9      | Killed a two-headed ogre
  4627 | D:9      | Noticed a cyclops
  4636 | D:9      | Killed a cyclops
  4637 | D:9      | Reached XP level 11. HP: 101/101 MP: 10/10
  4773 | D:10     | Entered Level 10 of the Dungeon
  4822 | D:10     | Found Puit's Weapon Emporium.
  4848 | D:10     | Found a glowing golden altar of the Shining One.
  5008 | D:10     | Found a hazy altar of Hepliaklqana.
  5040 | D:10     | Found Syegilur's Antique Armour Shoppe.
  5043 | D:10     | Bought a colourful robe for 131 gold pieces
  5043 | D:10     | Identified the +1 robe of Polish {rPois Will+ Int-5 Dex+6}
                  | (You bought it in a shop on level 10 of the Dungeon)
  5135 | D:10     | Found a white marble altar of Elyvilon.
  5473 | Orc:1    | Entered Level 1 of the Orcish Mines
  5473 | Orc:1    | Found Dejes's Weapon Emporium.
  5479 | Orc:1    | Noticed an orc knight
  5498 | Orc:1    | Killed an orc knight
  5634 | Orc:1    | Found Enaum's Assorted Antiques.
  5659 | Orc:1    | Noticed an orc sorcerer
  5677 | Orc:1    | Killed an orc sorcerer
  5677 | Orc:1    | Received a gift from Trog
  5678 | Orc:1    | Reached skill level 5 in Fighting
  5678 | Orc:1    | Reached skill level 14 in Unarmed Combat
  5717 | Orc:1    | HP: 1/102 [orc warrior (11)]
  5718 | Orc:1    | Killed from afar by an orc wizard

Illustrated notes

Levels and vault maps discovered:
D:1:      saegor_arrival_simple_e, layout_basic, ebering_ecumenical_altar_mist
D:2:      minmay_chambers_of_ones, layout_rooms, serial_forest,
          infiniplex_forest_zigzag_2, infiniplex_forest_end_double,
          infiniplex_forest_lined_2, infiniplex_forest_clump_cross,
          infiniplex_forest_straight_4, infiniplex_forest_corner_2,
          infiniplex_forest_lined_ring, infiniplex_forest_lined_2,
          minmay_heptomino_d4, uniq_crazy_yiuf_cottage
D:3:      layout_basic, nicolae_qazlal_general_emergency, minivault_27,
          uniq_grinder
D:4:      layout_cave_pools, trog_antimagical, ebering_ghost_sewer_f,
          chequers_serial_rivers_room_b, fountainhead, kennysheep_another_room
D:5:      layout_rooms, minivault_24
D:6:      layout_rooms, zin_scriptorium, lemuel_zombie_altar_kikubaaqudgha,
          minmay_temple_entry_stoned_glass, cheibrodos_sewer_entry_drain,
          minmay_alternating_orb
D:9:      layout_basic, lemuel_tele_altar, tgw_fedhas,
          kennysheep_orc_monster_closet_entryway, uniq_joseph
D:10:     layout_gridville, kennysheep_little_box,
          nicolae_hepliaklqana_hazy_memory, nicolae_overflow_crystal_walls,
          serial_shops, kennysheep_mini, shop, lemuel_flamethrower_2
Orc:1:    layout_diamond_mine, serial_shops, shop, shop, nicolae_diamond_shop,
          nicolae_shop_statue_plus, basic_altar, biasface_ghost_orc_armoury,
          nicolae_shop_clearance

Skill      XL: |  1  2  3  4  5  6  7  8  9 10 11 |
---------------+----------------------------------+-----
Fighting       | 3 4 5 |  5.0
Unarmed Combat | 4 5 6 7 9 11 13 14 | 14.0
Dodging        | 3 4 5 6 |  6.4
Shields        | 1 2 3 |  3.5
Stealth        | 1 2 |  2.3

Action                   |  1- 3 |  4- 6 |  7- 9 | 10-12 || total
-------------------------+-------+-------+-------+-------++-------
Melee: Unarmed           |   117 |   103 |   317 |   216 ||   753
       Punch             |     3 |     2 |    11 |    10 ||    26
Invok: Berserk           |       |     3 |     1 |     3 ||     7
       Trog's Hand       |       |     1 |     3 |     4 ||     8
  Use: Scroll            |       |       |     6 |     4 ||    10
       Potion            |       |       |     1 |     5 ||     6
 Stab: Sleeping          |       |       |     2 |     1 ||     3
Armor: Animal skin       |    26 |    14 |    45 |    18 ||   103
Dodge: Dodged            |    38 |    29 |    97 |    59 ||   223
       Repelled          |       |       |     1 |     1 ||     2
Block: Other             |     1 |    16 |    41 |    30 ||    88
       Reflection        |       |       |     3 |     3 ||     6
